Cogmind - Beta 9.1 @@@ ROGUE MODE // 2019.10.29 @ 20:01:26 Player: MrPainting Result: Self-destructed Performance ------------- Evolutions (5) 2500 Regions Visited (11) 2200 Robots Destroyed (87) 435 Value Destroyed (3184) 3184 Prototype IDs (7) 140 Alien Tech Used (0) 0 Bonus (840) 840 TOTAL SCORE: 9299 Bonus ------- High Alert Combat Kills 223 Follower Combat Kills 453 Aligned with FarCom 300 Friendly Fire -136 Cogmind --------- Core Integrity 566/1000 Matter 256/300 Energy 3/100 System Corruption 0% Temperature Cool (359) Location -5/Factory Parts ------- Power (2) Propulsion (6) Flying Fortress v7 Utility (5) Advanced Weight Redist. System Enhanced Optical Array Improved Signal Interpreter Improved ECM Suite System Backup Module Weapon (4) Tesla Rifle Inventory (4) Light Nuclear Core Large Storage Unit Large Storage Unit Superbattery (2000) Peak State ------------ Power Light Angular Momentum Engine Light Angular Momentum Engine Propulsion Flying Fortress v7 Utility Superbattery Advanced Weight Redist. System Advanced Visual Processing Unit Advanced Sensor Array Improved Signal Interpreter Weapon Force Rifle AWS/Autocannon Inventory Improved ECM Suite Focal Shield System Backup Module Magnetic Acceleration Cannon [Rating: 99] Favorites ----------- Power Ion Engine Engine Ion Engine Power Core Nuclear Core Reactor Light Antimatter Reactor Propulsion Flying Fortress v7 Leg Aluminum Leg Flight Unit Flying Fortress v7 Utility High-capacity Storage Unit Device Advanced Weight Redist. System Storage High-capacity Storage Unit Processor Advanced Visual Processing Unit Hackware Hacking Suite Protection Propulsion Shielding Weapon Light Assault Rifle Energy Gun Force Rifle Energy Cannon Compact Ion Cannon Ballistic Gun Light Assault Rifle Ballistic Cannon AWS/Autocannon Launcher Rocket Launcher Special Weapon Remote Datajack Build | -11 -10 -10 -10 -9 -8 -8 -7 -6 -6 -6 -5 ------- Run | Scr Mat Min Exi Min Mat Sto Fac Fac Ext Cet Fac Slots Evolved 10 | . . . . . 4 . 2 2 . . 2 Power 1 | . . . . . . . . 1 . . . Propulsion 4 | . . . . . 2 . . . . . 2 Utility 3 | . . . . . 2 . . 1 . . . Weapon 2 | . . . . . . . 2 . . . . Parts Attached 64 | 5 . 1 7 1 17 12 7 8 3 1 2 Power 10 | 1 . . . . 3 2 2 2 . . . Engine 8 | 1 . . . . 3 2 1 1 . . . Core 1 | . . . . . . . 1 . . . . Reactor 1 | . . . . . . . . 1 . . . Propulsion 3 | 2 . . . . 1 . . . . . . Treads . | . . . . . . . . . . . . Leg 2 | 2 . . . . . . . . . . . Wheel . | . . . . . . . . . . . . Hover . | . . . . . . . . . . . . Flight 1 | . . . . . 1 . . . . . . Utility 22 | . . 1 7 . 4 2 3 3 2 . . Device 6 | . . . . . 1 . 2 2 1 . . Storage 9 | . . 1 6 . 1 . . 1 . . . Processor 4 | . . . . . 1 1 1 . 1 . . Hackware 1 | . . . . . . 1 . . . . . Protection 2 | . . . 1 . 1 . . . . . . Artifact . | . . . . . . . . . . . . Weapon 29 | 2 . . . 1 9 8 2 3 1 1 2 Energy Gun 4 | . . . . . . . . 1 1 1 1 Energy Cannon 5 | . . . . . . 4 1 . . . . Ballistic Gun 10 | 2 . . . . 5 3 . . . . . Ballistic Cannon 8 | . . . . . 4 1 1 1 . . 1 Launcher 1 | . . . . 1 . . . . . . . Special Weapon 1 | . . . . . . . . 1 . . . Impact Weapon . | . . . . . . . . . . . . Slashing Weapon . | . . . . . . . . . . . . Piercing Weapon . | . . . . . . . . . . . . Special Melee Weapon . | . . . . . . . . . . . . Unidentified Prototypes 7 | . . . 1 . 2 3 1 . . . . Parts Lost 9 | . . . . 2 1 2 . 1 . 1 2 Power 3 | . . . . 1 1 1 . . . . . Propulsion . | . . . . . . . . . . . . Utility 1 | . . . . . . . . 1 . . . Weapon 5 | . . . . 1 . 1 . . . 1 2 Highest Loss Streak 2 | . . . . 2 1 2 . 1 . 1 2 Average Slot Usage (%) 71 | . 71 74 95 93 70 71 58 56 58 61 54 Engine 7 | . 14 14 14 11 8 8 2 3 . . . Leg 7 | . 28 28 28 28 . . . . . . . Flight 5 | . . . . . 9 9 7 6 6 6 5 Device 5 | . . . . . 1 . 8 15 18 20 17 Storage 12 | . . 3 23 28 18 18 . 3 . . . Processor 7 | . . . . . 8 9 12 13 13 13 11 Hackware 1 | . . . . . . 8 7 . . . . Protection 1 | . . . . . 6 . . . . . . Energy Cannon 1 | . . . . . . 5 5 . . . . Ballistic Gun 11 | . 28 28 28 19 14 6 . . . . . Ballistic Cannon 3 | . . . . . 2 6 7 6 4 . 4 Naked Turns . | . . . . . . . . . . . . Heaviest Build 123 | 7 7 11 71 74 67 67 123 79 78 27 32 Greatest Support 81 | 20 20 20 20 20 72 72 81 81 81 81 81 Greatest Overweight (x) 3 | . . . 3 3 . . 1 . . . . Average Overweight (x) . | . . . . 3 . . . . . . . Largest Inventory Capacity 20 | 4 4 6 20 20 20 18 18 4 4 4 4 Average Capacity 11 | 4 4 4 13 20 18 18 4 4 4 4 4 Most Carried 19 | 4 3 4 16 19 19 18 18 4 4 4 4 Average Carried 10 | 1 1 3 9 17 17 17 4 3 3 3 3 Final Capacity 4 | . . . . . . . . . . . 4 Final Carried 4 | . . . . . . . . . . . 4 Class Distribution -------------------- 54% | Mutant 18% | Scout 10% | Skirmisher 10% | Hauler-Mutant 5% | Commander-Mutant Dominant Class ---------------- Mutant | -10/Materials Mutant | -10/Mines Mutant | -10/Exiles Hauler-Mutant | -9/Mines Mutant | -8/Materials Mutant | -8/Storage Scout | -7/Factory Scout | -6/Factory Skirmisher | -6/Extension Mutant | -6/Cetus Skirmisher | -5/Factory Resources | -11 -10 -10 -10 -9 -8 -8 -7 -6 -6 -6 -5 ----------- Run | Scr Mat Min Exi Min Mat Sto Fac Fac Ext Cet Fac Matter Collected 1733 | 248 . 16 60 102 515 597 57 88 20 . 30 Remotely . | . . . . . . . . . . . . Salvage Created 3206 | . . 43 . 134 599 529 170 865 792 . 74 Parts 156 | . . 9 . 16 38 15 4 40 31 . 3 Haulers Intercepted 1 | . . . . . 1 . . . . . . Recyclers Shooed 3 | . . . . . . 2 . 1 . . . Parts Field Recycled . | . . . . . . . . . . . . Retrieved Matter . | . . . . . . . . . . . . Parts Self-Destructed . | . . . . . . . . . . . . Prevented . | . . . . . . . . . . . . Kills | -11 -10 -10 -10 -9 -8 -8 -7 -6 -6 -6 -5 ------- Run | Scr Mat Min Exi Min Mat Sto Fac Fac Ext Cet Fac Combat Hostiles Destroyed 72 | . . 3 . 9 12 12 5 16 12 . 3 Guns 26 | . . 3 . 2 9 7 . . 2 . 3 Cannons 38 | . . . . . 2 5 5 16 10 . . AOE 8 | . . . . 7 1 . . . . . . Classes Destroyed 13 | . . 1 . 2 4 3 1 1 1 . . Worker 2 | . . . . 1 1 . . . . . . Hauler 1 | . . . . . 1 . . . . . . Recycler 6 | . . . . . 2 . . 2 2 . . Operator 1 | . . . . . . 1 . . . . . Watcher 4 | . . . . . . . 1 1 2 . . Swarmer 19 | . . 3 . 7 4 . . . 2 . 3 Grunt 28 | . . . . 2 3 5 4 10 4 . . Duelist 3 | . . . . . . 3 . . . . . Protector 2 | . . . . . . 2 . . . . . Sentry 14 | . . . . . 4 2 1 3 4 . . Hunter 1 | . . . . . 1 . . . . . . Programmer 3 | . . . . . . . . 3 . . . Behemoth 1 | . . . . . . . . . 1 . . Thug 1 | . . . . . . 1 . . . . . Guerrilla 1 | . . . . . . . . . 1 . . Best Kill Streak 7 | . . 3 . 5 4 7 4 4 5 . 3 Combat Bots Only 7 | . . 3 . 4 2 7 4 3 5 . 3 Max Kills in Single Turn 2 | . . 1 . 2 1 1 1 1 1 . 1 Gunslinging . | . . . . . . . . . . . . Exploded 2 | . . . . 2 1 . . . . . . Melee . | . . . . . . . . . . . . Uniques/NPCs Destroyed . | . . . . . . . . . . . . Combat | -11 -10 -10 -10 -9 -8 -8 -7 -6 -6 -6 -5 -------- Run | Scr Mat Min Exi Min Mat Sto Fac Fac Ext Cet Fac Damage Taken 3430 | . . 61 . 388 769 549 101 425 379 47 711 Core 1091 | . . . . 80 202 201 8 46 106 14 434 Absorbed by Shields 219 | . . . . . . . . . 174 45 . Core Remaining (%) 74 | 100 . . . 68 . 26 98 . . 80 . Volleys Fired 168 | . 1 6 . 23 55 56 3 13 3 1 7 Largest 3 | . 2 2 . 2 2 2 1 1 1 2 3 Hottest 202 | . 40 40 . 53 69 134 90 80 69 149 202 Shots Fired 412 | . 2 12 . 43 110 104 21 57 41 2 20 Gun 221 | . 2 12 . 31 97 48 . 13 3 2 13 Cannon 179 | . . . . . 13 56 21 44 38 . 7 Launcher 12 | . . . . 12 . . . . . . . Special . | . . . . . . . . . . . . Kinetic 353 | . 2 12 . 31 110 91 18 44 38 . 7 Thermal 47 | . . . . . . 13 3 13 3 2 13 Explosive 12 | . . . . 12 . . . . . . . Electromagnetic . | . . . . . . . . . . . . Robot Hit Streak 26 | . 1 4 . 4 17 11 5 26 20 1 3 Robot Miss Streak 12 | . 1 2 . 8 3 12 2 1 1 1 7 Penetration Max . | . . . . . . . . . . . . Secondary Targets 1 | . . . . . . 1 . . . . . Max Gunslinging Chain 1 | . . . . . . 1 . . . . . Autonomous 101 | . . . . . . . 18 44 39 . . Shots Hit Robots 289 | . 1 6 . 18 80 72 13 52 36 1 10 Core Hits 147 | . 1 4 . 14 30 51 5 21 17 . 4 Critical Hits 11 | . . . . 1 2 2 1 4 . . 1 Critical Kills 3 | . . . . . . . . 2 . . 1 Critical Parts Destroyed 8 | . . . . 1 2 2 1 2 . . . Melee Attacks . | . . . . . . . . . . . . Impact . | . . . . . . . . . . . . Slashing . | . . . . . . . . . . . . Piercing . | . . . . . . . . . . . . Sneak Attacks . | . . . . . . . . . . . . Combat Hostiles . | . . . . . . . . . . . . Follow-up Attacks . | . . . . . . . . . . . . Damage Inflicted 11747 | . 7 50 . 902 1389 1457 1082 3928 2831 . 101 Guns 2157 | . 7 50 . 117 1054 601 . 209 38 . 81 Cannons 8689 | . . . . . 219 856 1082 3719 2793 . 20 Explosions 901 | . . . . 785 116 . . . . . . Melee . | . . . . . . . . . . . . Ramming . | . . . . . . . . . . . . Kinetic 10302 | . 7 50 . 117 1273 1241 1082 3719 2793 . 20 Thermal 544 | . . . . . . 216 . 209 38 . 81 Explosive 901 | . . . . 785 116 . . . . . . Electromagnetic . | . . . . . . . . . . . . Impact . | . . . . . . . . . . . . Slashing . | . . . . . . . . . . . . Piercing . | . . . . . . . . . . . . Highest Corruption 2 | . . . . . . . . 2 1 . . Average Corruption 1 | . . . . . . . . 1 1 . . Corruption Purged 2 | . . . . . . . . 1 1 . . Effects 3 | . . . . . . . . 3 . . . Message Errors 2 | . . . . . . . . 2 . . . Heat Flow Errors 1 | . . . . . . . . 1 . . . Overload Shots . | . . . . . . . . . . . . Overflow Damage 1155 | . . . . 108 . 23 212 622 190 . . Projectiles 1047 | . . . . . . 23 212 622 190 . . Explosions 108 | . . . . 108 . . . . . . . Melee . | . . . . . . . . . . . . Knockbacks 48 | . . . . . 1 23 4 16 3 . 1 Impact . | . . . . . . . . . . . . Kinetic 42 | . . . . . 1 19 4 14 3 . 1 Secondary 6 | . . . . . . 4 . 2 . . . Self-Inflicted Damage 181 | . . . . 49 132 . . . . . . Shots 3 | . . . . 1 2 . . . . . . Rammed . | . . . . . . . . . . . . Targets Rammed . | . . . . . . . . . . . . Kicked . | . . . . . . . . . . . . Crushed . | . . . . . . . . . . . . Highest Temperature 726 | . . . . 24 130 370 83 188 53 85 726 Average Temperature 106 | . . . . 9 38 123 44 77 25 47 461 Received Heat Transfer 586 | . . . . 15 126 180 45 117 99 4 . Effects 13 | . . . . . . 3 . . . . 10 Shutdowns 2 | . . . . . . . . . . . 2 Energy Bleed 1 | . . . . . . . . . . . 1 Interference 4 | . . . . . . 3 . . . . 1 Short Circuit 2 | . . . . . . . . . . . 2 Damage (minor) 2 | . . . . . . . . . . . 2 Damage (core) 2 | . . . . . . . . . . . 2 Siege Activations . | . . . . . . . . . . . . Robots Corrupted . | . . . . . . . . . . . . Combat Hostiles . | . . . . . . . . . . . . Parts Fried . | . . . . . . . . . . . . Impact Corruptions . | . . . . . . . . . . . . Robots Melted . | . . . . . . . . . . . . Combat Hostiles . | . . . . . . . . . . . . Parts Melted 1 | . . . . . . 1 . . . . . Heat Transferred 814 | . . . . . . 296 . 296 74 . 148 Parts Sabotaged . | . . . . . . . . . . . . Parts Stolen . | . . . . . . . . . . . . Parts Stripped . | . . . . . . . . . . . . Power Chain Reactions . | . . . . . . . . . . . . Missiles Intercepted . | . . . . . . . . . . . . Alert | -11 -10 -10 -10 -9 -8 -8 -7 -6 -6 -6 -5 ------- Run | Scr Mat Min Exi Min Mat Sto Fac Fac Ext Cet Fac Peak Influence 758 | . 15 75 . 195 347 733 450 543 758 439 271 Average Influence 259 | . 13 67 . 74 171 397 347 325 467 402 230 Maximum Alert Level 3 | . . . . . 1 3 2 2 3 2 1 Low Security (%) 39 | . . . . . . . . . . . . Level 1 39 | . . . . . . . . . . . . Level 2 17 | . . . . . . . . . . . . Level 3 3 | . . . . . . . . . . . . Level 4 . | . . . . . . . . . . . . Level 5 . | . . . . . . . . . . . . High Security . | . . . . . . . . . . . . Max Security . | . . . . . . . . . . . . Squads Dispatched 15 | . . . . . 6 5 . 3 1 . . Investigation 3 | . . . . . 1 1 . . 1 . . Extermination 1 | . . . . . . . . 1 . . . Reinforcement 7 | . . . . . 3 2 . 2 . . . Assault 2 | . . . . . . 2 . . . . . Garrison 2 | . . . . . 2 . . . . . . Intercept . | . . . . . . . . . . . . Construction Impeded . | . . . . . . . . . . . . Haulers Reinforced . | . . . . . . . . . . . . Stealth | -11 -10 -10 -10 -9 -8 -8 -7 -6 -6 -6 -5 --------- Run | Scr Mat Min Exi Min Mat Sto Fac Fac Ext Cet Fac Distress Signals 4 | . . . . . 2 1 . . 1 . . Communications Jammed . | . . . . . . . . . . . . Distress Signals . | . . . . . . . . . . . . Times Spotted 138 | . 1 3 . 16 42 25 6 19 17 5 4 Peak Tracking Total 13 | . 1 3 . 4 13 8 3 3 3 5 4 Tactical Retreats 19 | . . . . 8 8 . . 1 1 1 . Traps | -11 -10 -10 -10 -9 -8 -8 -7 -6 -6 -6 -5 ------- Run | Scr Mat Min Exi Min Mat Sto Fac Fac Ext Cet Fac Traps Triggered 5 | . . . . . . 1 1 1 2 . . Indirectly . | . . . . . . . . . . . . Trap Hack Attempts . | . . . . . . . . . . . . Triggered . | . . . . . . . . . . . . Disarmed . | . . . . . . . . . . . . Reprogrammed . | . . . . . . . . . . . . Reused . | . . . . . . . . . . . . Traps Extracted . | . . . . . . . . . . . . Installed . | . . . . . . . . . . . . Triggered . | . . . . . . . . . . . . Machines | -11 -10 -10 -10 -9 -8 -8 -7 -6 -6 -6 -5 ---------- Run | Scr Mat Min Exi Min Mat Sto Fac Fac Ext Cet Fac Machines Disabled 9 | . . . . . 4 1 2 1 1 . . Max in Single Turn 1 | . . . . . 1 . 1 1 . . . Machines Sabotaged . | . . . . . . . . . . . . Garrisons Compromised . | . . . . . . . . . . . . Overloaded Fab Kills . | . . . . . . . . . . . . Fab Network Shutdowns . | . . . . . . . . . . . . Hacking | -11 -10 -10 -10 -9 -8 -8 -7 -6 -6 -6 -5 --------- Run | Scr Mat Min Exi Min Mat Sto Fac Fac Ext Cet Fac Machines Accessed 17 | . . . . . 2 8 1 1 5 . . Terminals 16 | . . . . . 2 7 1 1 5 . . Fabricators . | . . . . . . . . . . . . Repair Stations . | . . . . . . . . . . . . Recycling Units 1 | . . . . . . 1 . . . . . Scanalyzers . | . . . . . . . . . . . . Garrison Access . | . . . . . . . . . . . . Total Hacks 36 | . . . . . 7 18 1 1 9 . . Successful 20 | . . . . . 4 12 . 1 3 . . Failed 16 | . . . . . 3 6 1 . 6 . . Catastrophic 1 | . . . . . . . . . 1 . . Database Lockouts . | . . . . . . . . . . . . Manual 22 | . . . 1 . 7 10 1 1 2 . . Terminals 34 | . . . . . 7 16 1 1 9 . . Fabricators . | . . . . . . . . . . . . Repair Stations . | . . . . . . . . . . . . Recycling Units 2 | . . . . . . 2 . . . . . Scanalyzers . | . . . . . . . . . . . . Garrison Access . | . . . . . . . . . . . . Terminal Hacks 11 | . . . . . 1 7 . . 3 . . Open Door 6 | . . . . . . 3 . . 3 . . Terminal Index 2 | . . . . . 1 1 . . . . . Alert Level 1 | . . . . . . 1 . . . . . Registered Components 1 | . . . . . . 1 . . . . . Registered Prototypes 1 | . . . . . . 1 . . . . . Fabricator Hacks . | . . . . . . . . . . . . Repair Station Hacks . | . . . . . . . . . . . . Recycling Unit Hacks 1 | . . . . . . 1 . . . . . Retrieve Components 1 | . . . . . . 1 . . . . . Scanalyzer . | . . . . . . . . . . . . Garrison Access Hacks . | . . . . . . . . . . . . Unauthorized Hacks 22 | . . . . . 6 11 1 2 2 . . Terminals 8 | . . . . . 3 4 . 1 . . . Track 2 | . . . . . 2 . . . . . . Botnet 6 | . . . . . 1 4 . 1 . . . Fabricators . | . . . . . . . . . . . . Repair Stations . | . . . . . . . . . . . . Recycling Units . | . . . . . . . . . . . . Scanalyzers . | . . . . . . . . . . . . Garrison Access . | . . . . . . . . . . . . Data Cores Recovered 1 | . . . . . . 1 . . . . . Used . | . . . . . . . . . . . . Hacking Detections 13 | . . . . . 2 6 1 1 3 . . Full Trace Events 2 | . . . . . 1 . . . 1 . . Feedback Events . | . . . . . . . . . . . . Feedback Blocked . | . . . . . . . . . . . . Robot Schematics Acquired . | . . . . . . . . . . . . Robots Built . | . . . . . . . . . . . . Matter . | . . . . . . . . . . . . Time . | . . . . . . . . . . . . Total Robot Build Rating . | . . . . . . . . . . . . Part Schematics Acquired . | . . . . . . . . . . . . Parts Built . | . . . . . . . . . . . . Matter . | . . . . . . . . . . . . Time . | . . . . . . . . . . . . Total Part Build Rating . | . . . . . . . . . . . . Parts Repaired . | . . . . . . . . . . . . Time . | . . . . . . . . . . . . Parts Recycled . | . . . . . . . . . . . . Recycled Matter . | . . . . . . . . . . . . Retrieved Matter . | . . . . . . . . . . . . Retrieved Components 10 | . . . . . . 10 . . . . . Parts Scanalyzed . | . . . . . . . . . . . . Part Schematics Acquired . | . . . . . . . . . . . . Parts Damaged . | . . . . . . . . . . . . Bothacking | -11 -10 -10 -10 -9 -8 -8 -7 -6 -6 -6 -5 ------------ Run | Scr Mat Min Exi Min Mat Sto Fac Fac Ext Cet Fac Used RIF Installer . | . . . . . . . . . . . . Robots Hacked . | . . . . . . . . . . . . Non-combat . | . . . . . . . . . . . . Combat . | . . . . . . . . . . . . Robot Hacks Applied . | . . . . . . . . . . . . Relay Couplers Released . | . . . . . . . . . . . . Robots Rewired . | . . . . . . . . . . . . Allies Hacked . | . . . . . . . . . . . . Hacks Repelled . | . . . . . . . . . . . . Allies | -11 -10 -10 -10 -9 -8 -8 -7 -6 -6 -6 -5 -------- Run | Scr Mat Min Exi Min Mat Sto Fac Fac Ext Cet Fac Total Allies 17 | . . 1 . . . 12 . . 4 . . Largest Group 10 | . . 1 . . . 10 3 . 4 4 1 Highest-Rated Group 249 | . . 31 . . . 173 48 . 249 249 150 Highest-Rated Ally 156 | . . 31 . . . 31 16 . 156 156 150 Total Orders 1 | . . . . . . 1 . . . . . GUARD 1 | . . . . . . 1 . . . . . Ally Attacks 145 | . . . . . . 89 4 . 29 23 . Total Damage 2291 | . . . . . . 1293 57 . 544 397 . Kills 22 | . . . . . . 17 . . 5 . . Allies Corrupted 1 | . . . . . . 1 . . . . . Allies Melted . | . . . . . . . . . . . . Intel | -11 -10 -10 -10 -9 -8 -8 -7 -6 -6 -6 -5 ------- Run | Scr Mat Min Exi Min Mat Sto Fac Fac Ext Cet Fac Robot Analysis Total . | . . . . . . . . . . . . Derelict Logs Recovered . | . . . . . . . . . . . . Drone Launches . | . . . . . . . . . . . . Drone Recoveries . | . . . . . . . . . . . . Exploration | -11 -10 -10 -10 -9 -8 -8 -7 -6 -6 -6 -5 ------------- Run | Scr Mat Min Exi Min Mat Sto Fac Fac Ext Cet Fac Turns Passed 4325 | 53 114 220 451 375 1043 664 292 597 388 55 73 Spaces Moved 3821 | 41 71 163 298 144 889 625 314 721 419 54 82 Core 13 | 13 . . . . . . . . . . . Treads . | . . . . . . . . . . . . Legs 704 | 28 71 163 298 144 . . . . . . . Wheels . | . . . . . . . . . . . . Hover . | . . . . . . . . . . . . Flight 3104 | . . . . . 889 625 314 721 419 54 82 Fastest Speed 50 | 50 120 120 120 210 50 50 50 50 50 50 50 Average Speed 68 | 97 120 120 144 210 50 50 50 50 50 50 50 Slowest Speed 210 | 120 120 120 210 210 50 50 150 50 50 50 50 Overloaded Moves . | . . . . . . . . . . . . Propulsion Burnouts . | . . . . . . . . . . . . Robots Hopped 17 | . . . . . 4 12 . . 1 . . Cave-ins Triggered . | . . . . . . . . . . . . Exploration Rate (%) 33 | 3 20 35 68 32 68 66 10 20 56 23 3 Regions Visited 11 Branch Regions 6 Pre-discovered Areas 1 | . . . . . . 1 . . . . . Known Exits Taken 4 | . . . . . . . 1 1 1 1 . Unknown Exits Taken 7 | 1 1 1 1 1 1 1 . . . . . Scrap Searched 1 | . . 1 . . . . . . . . . Spaces Dug 1 | . . . . . . 1 . . . . . Terrain Destroyed 163 | . . . . 94 54 5 5 2 3 . . Melee . | . . . . . . . . . . . . Projectile 17 | . . . . . 2 5 5 2 3 . . AOE 146 | . . . . 94 52 . . . . . . Actions | -11 -10 -10 -10 -9 -8 -8 -7 -6 -6 -6 -5 --------- Run | Scr Mat Min Exi Min Mat Sto Fac Fac Ext Cet Fac Total 5278 | 53 98 178 317 180 1412 880 443 947 592 79 99 Wait 1087 | 3 25 7 . 10 420 186 90 188 130 24 4 Move 3783 | 40 70 162 297 143 880 607 313 720 416 53 82 Hop 10 | . . . . . 4 5 . . 1 . . Pick Up 64 | 5 2 2 10 3 21 5 5 7 2 . 2 Fast Attach 11 | 1 . . 1 . . 3 2 3 . . 1 Attach 25 | 4 . 1 1 . 6 2 3 4 2 1 1 Detach 3 | . . . . . . . . 3 . . . Swap 28 | . . . 5 1 11 7 2 1 1 . . Drop 45 | . . . 3 . 15 9 7 8 1 . 2 Fire 168 | . 1 6 . 23 55 56 3 13 3 1 7 Melee . | . . . . . . . . . . . . Ram . | . . . . . . . . . . . . Kick . | . . . . . . . . . . . . Crush . | . . . . . . . . . . . . Escape Stasis 54 | . . . . . . . 18 . 36 . . Rewire . | . . . . . . . . . . . . Trap . | . . . . . . . . . . . . Miscellaneous . | . . . . . . . . . . . . Route ------- -11/Scrapyard -10/Materials (discovered 2 exits: [*Min x2]) -10/Mines -10/Exiles -9/Mines -8/Materials -8/Storage -7/Factory -6/Factory -6/Extension (discovered 2 exits: *Fac / *Cet) -6/Cetus -5/Factory History --------- Turn | Location | Event 6 | -11/Scrapyard | Discovered new exit (range 15) 54 | -11/Scrapyard | Entered Materials 149 | -10/Materials | Discovered new exit (range 14) 150 | -10/Materials | Discovered new exit (range 9) 168 | -10/Materials | Entered Mines 302 | -10/Mines | Build established: Mutant 310 | -10/Mines | Received a Mining Laser from a helpful Derelict 381 | -10/Mines | Deemed a non-threat by the Exiles lab entrance 382 | -10/Mines | Discovered new exit (range 5) 388 | -10/Mines | Entered Exiles 417 | -10/Exiles | Met 8R-AWN 439 | -10/Exiles | Met EX-HEX 474 | -10/Exiles | Met EX-BIN 487 | -10/Exiles | Aligned with FarCom system 488 | -10/Exiles | Given EX-Vault access code 517 | -10/Exiles | Opened EX-Vault 525 | -10/Exiles | Found Prototype Flight Unit 540 | -10/Exiles | Found Prototype Storage 544 | -10/Exiles | Found Prototype Ballistic Cannon 545 | -10/Exiles | Identified Superbattery 582 | -10/Exiles | Warned to stay clear of 0b10 Research branches 621 | -10/Exiles | Met EX-DEC 811 | -10/Exiles | Discovered new exit (range 14) 839 | -10/Exiles | Stole three prototypes: Flying Fortress v7, Superbattery, AWS/Autocannon 839 | -10/Exiles | Entered Mines 900 | -9/Mines | Received a Rocket Launcher from a helpful Derelict 1065 | -9/Mines | Build established: Hauler-Mutant 1145 | -9/Mines | Discovered new exit (range 15) 1206 | -9/Mines | Found a hidden stash of uninstalled traps 1214 | -9/Mines | Entered Materials 1214 | -8/Materials | Evolved 4 slots: Propulsion x2, Utility x2 1217 | -8/Materials | Identified Flying Fortress v7 1511 | -8/Materials | Build established: Mutant 2059 | -8/Materials | Garrison activated, responded to threat 2255 | -8/Materials | Discovered new exit (range 4) 2257 | -8/Materials | Entered Storage 2279 | -8/Storage | Met a pair of Derelict thieves 2456 | -8/Storage | Destroyed 7 combat bots 2469 | -8/Storage | Core integrity fell below 50% 2612 | -8/Storage | Assisted by bots powering up and referring to "LRC-V3" 2615 | -8/Storage | Learned location of Armory (-3) 2880 | -8/Storage | Discovered new exit (range 6) 2921 | -8/Storage | Entered Factory 2921 | -7/Factory | Accompanied by 3 allies 2921 | -7/Factory | Evolved 2 slots: Weapon x2 2923 | -7/Factory | FarCom data flow suspended 2927 | -7/Factory | Identified AWS/Autocannon 3202 | -7/Factory | Discovered new exit (range 14) 3212 | -7/Factory | Identified exit to Factory 3213 | -7/Factory | Entered another Factory area 3213 | -6/Factory | Evolved 2 slots: Power x1, Utility x1 3302 | -6/Factory | Build established: Scout 3775 | -6/Factory | Discovered new exit (range 11) 3810 | -6/Factory | Identified exit to Extension 3810 | -6/Factory | Entered Extension 3887 | -6/Extension | Rescued a captive Derelict 3895 | -6/Extension | Rescued a captive Derelict 3896 | -6/Extension | Rescued a captive Derelict 3969 | -6/Extension | Rescued A7 4047 | -6/Extension | Spotted B-75 Beast 4057 | -6/Extension | Spotted B-75 Beast 4063 | -6/Extension | Allies destroyed B-75 Beast 4070 | -6/Extension | Destroyed B-75 Beast 4105 | -6/Extension | Build established: Skirmisher 4132 | -6/Extension | Discovered new exit (range 19) 4133 | -6/Extension | Discovered new exit (range 18) 4152 | -6/Extension | Identified exit to Cetus 4198 | -6/Extension | Entered Cetus 4198 | -6/Cetus | Accompanied by 4 allies 4203 | -6/Cetus | Acquired a Cetus Manufacturing Module code from A7 4204 | -6/Cetus | Spotted Cetus Guard 4204 | -6/Cetus | Spotted Cetus Guard 4204 | -6/Cetus | Spotted Cetus Guard 4204 | -6/Cetus | Spotted Cetus Guard 4219 | -6/Cetus | Discovered new exit (range 22) 4229 | -6/Cetus | Identified exit to Factory 4253 | -6/Cetus | Entered Factory 4253 | -5/Factory | Accompanied by 1 ally 4253 | -5/Factory | Evolved 2 slots: Propulsion x2 4326 | -5/Factory | Self-destructed Last Messages --------------- 04308_ S-27 Virus knocked back. 04309_ Overheating: System interference. 04309_ System Backup Module temporarily disabled. 04311_ Hvy. Laser destroyed. 04311_ S-27 Virus suffers critical hit. 04311_ S-27 Virus destroyed. 04315_ Overheating: Energy bleed (-1). 04315_ Acquired 30 matter. 04316_ Power failure, Lgt. Antimatter Reactor shutdown. 04316_ Overheating: Short circuit. 04316_ Hvy. Flak Cannon permanently disabled. 04316_ Acquired Lgt. Nuclear Core. 04317_ Overheating: Short circuit. 04317_ Imp. Signal Interpreter permanently disabled. 04317_ Dropped Hvy. Flak Cannon. 04317_ Force Rifle destroyed. 04318_ Overheating: Imp. Signal Interpreter damaged (-7). 04318_ Dropped Lgt. Antimatter Reactor. 04320_ Overheating: Core damaged (-180). 04322_ Acquired Tesla Rifle. Map ----- +----------------------------------------------------+ | ??????????????????????????? | | ??????????????????????????? | | ??????????????????????????? | | ??????????????????????????? | | ??????????????????????????? | | ??????????????????????????? | | ??????????????????????????? | | ??????????????????????????? | | ??????????????????????????? | | ??????????????????????????? | | ??????????????????????????? | | ??????????????????????????? | | ??????????????????????????? | | ??????????????????????????? | | ??????????????????????????? | | ??????????????????????????? | | ??????????????????????????? | | ??????????????????????????? | | ??????????????????????????? | | ??????????????????????????? | | ??# ??????????????????????? | | ??# ??????????????????????? | | ###+###???????????????????? | | # ! #?????#?????????????? | | # s ### #####?????????? | | # @ " + | | # " ### #####?????????? | | # " #??? #??????????????? | | # " #??? #??????????????? | | #"" " #### #??????????????? | | #"" "]# #??????????????? | | #"T "*# #??????????????? | | #"" "=#% #??????????????? | | #"" " + #??????????????? | | # %*# #??????????????? | | #######+## #??????????????? | | # #????????????????? | | #""" #????????????????? | | #""" # ##?????????????? | | #""" # ????????????? | | # # ???????????? | | #""" # #####+####?? | | #""" # #?? | | #""" # #?? | | # + #?? | | #""" # #?? | | #""" # #?? | | #""" ##### #####+#####? | | # #???? ?# #? | | #""" #???? ## #? | +----------------------------------------------------+ Best States ------------- Heat Dissipation 40 Energy Generation 21 Energy Capacity 2150 Matter Stores 300 Matter Capacity 300 Sight Range 22 Robot Scan Range 16 Terrain Scan Density 10 ECM Strength 2 Additional Mass Support 9 Propulsion Shielding 33 Evasion (%) 60 Offensive Hacking 10 Item Schematics ----------------- None Robot Schematics ------------------ None Fabricated ------------ Nothing Alien Tech Used ----------------- None Achievements -------------- Cya! Challenges ------------ None Game ------ Seed FlakAccelerationShockpuncher Manual? 0 Play Time 01:10:08 Cumulative 50.8 hours Start 2019.10.29 @ 00:21:47 End 2019.10.29 @ 20:01:26 Sessions 3 Manual Loads 0 Difficulty Rogue Special Mode None Game No. 79 Rogue 79 Adventurer 0 Explorer 0 Win Type - Total 0 Types 0/0/0/0/0/0/0 Lore% 27 Gallery% 35 Achievement% 28 Wizard Run 0 Options --------- ASCII 0 Keyboard 0 Movement Mouse Keybinds 0 Fullscreen 1 Font 18/SmallcapsGlow Map View 76x50 Tactical HUD 1 Map Filters NONE Filters NONE Steam 1 RUN: 29e71919-2a98-4ca9-afaa-a318aab874e2